 Dungeon Crawl Stone Soup version 0.26-a0-651-gb41185065b (webtiles) character file.

Game seed: 2647505650883163364

66 Flugslaktarn the Shield-Bearer (level 3, 0/34 HPs)
             Began as a Deep Dwarf Fighter on Oct 11, 2020.
             Slain by Menkaure (13 damage)
             ... on level 4 of the Dungeon.
             The game lasted 00:00:20 (686 turns).

Flugslaktarn the Shield-Bearer (Deep Dwarf Fighter)  Turns: 686, Time: 00:00:21

Health: 0/34       AC:  9    Str: 19    XL:     3   Next: 96%
Magic:  3/3        EV:  5    Int:  8    God:
Gold:   49         SH:  9    Dex: 13    Spells: 2/2 levels left

rFire    . . .     SeeInvis .   a - +0 war axe
rCold    . . .     Faith    .   c - +0 kite shield
rNeg     . . .     Spirit   .   f - +0 chain mail
rPois    .         Reflect  .   (no helmet)
rElec    .         Harm     .   (no cloak)
rCorr    .         Rampage  .   (no gloves)
MR       .....                  (no boots)
Stlth    ..........             (no amulet)
HPRegen  0.00/turn              (no ring)
MPRegen  0.08/turn              (no ring)

@: lethally poisoned (0 -> 0), non-regenerating
A: damage resistance, heal wounds, sense surroundings 1, no regeneration
a: Heal Wounds


You were on level 4 of the Dungeon.
You visited 1 branch of the dungeon, and saw 4 of its levels.

You collected 49 gold pieces.

Inventory:

Hand Weapons
 a - a +0 war axe (weapon)
Armour
 b - a +0 scale mail
 c - a +0 kite shield (worn)
 f - a +0 chain mail (worn)
   (You found it on level 2 of the Dungeon)
Scrolls
 g - a scroll of remove curse {unknown}
Potions
 d - 2 potions of might
 e - 2 potions of brilliance {unknown}


   Skills:
 * Level 3.4 Fighting
 * Level 3.2 Axes
 + Level 3.6 Armour
 + Level 3.7 Shields


You had 2 spell levels left.
You didn't know any spells.
Your spell library was empty.

Dungeon Overview and Level Annotations

Branches:
Dungeon (4/15)
 Temple: D:4-7

Altars:

Annotations:
D:4 Menkaure, Robin


Innate Abilities, Weirdness & Mutations

You are resistant to damage.
You can heal yourself by infusing magical energy.
You passively map a small area around you.
You do not regenerate.


Message History

Menkaure hits you.
You slash the giant cockroach!
You kill the giant cockroach!
You slash Menkaure! You hit the goblin but do no damage.
The goblin no longer looks unusually strong.
Robin roars a battlecry!
The goblin goes into a battle-frenzy!
You block the goblin's attack. You block Menkaure's attack.
You block Robin's attack.
You hit Menkaure but do no damage.
Menkaure is heavily damaged.
You hit the goblin.
You kill the goblin!
Menkaure hits you but does no damage. Robin barely misses you.
Menkaure rustles, "It doesn't hurt if you pull your brain out of your nose yourself."
Menkaure hits you but does no damage.
Your shield and chain mail prevent you from hitting Menkaure.
Menkaure is heavily damaged.
You hit the goblin but do no damage. Menkaure hits you!
You die...

, , , ,,,. , ,* , ,
..,* , ##. * , g. ,
* , , , ##M## ** ,
# #...., ,* **
###.#...##########
*
........gM@†......
,
,......†..g).......
####.....#######..
##....# * #..(.#
#....# * , #....#
##...# * #...#


You could see Menkaure (fast), Robin and a goblin (strong).

Vanquished Creatures
  A hound (D:4)
  3 dart slugs (D:1)
  4 orcs (D:3)
  A giant cockroach (D:4)
  9 goblins
  2 hobgoblins
  A kobold (D:1)
  A quokka (D:3)
  2 frilled lizards
  2 rats (D:1)
26 creatures vanquished.

Notes
Turn   | Place    | Note
-------+----------+-------------------------------------------
     0 | D:1      | Flugslaktarn the Deep Dwarf Fighter began the quest for the
                  | Orb.
     0 | D:1      | Reached XP level 1. HP: 20/20 MP: 1/1
   128 | D:1      | Reached XP level 2. HP: 22/27 MP: 2/2
   658 | D:4      | Noticed Menkaure
   662 | D:4      | Noticed Robin
   664 | D:4      | Reached XP level 3. HP: 14/34 MP: 3/3
   686 | D:4      | Slain by Menkaure

Illustrated notes

Levels and vault maps discovered:
D:1:      dpeg_arrival_connections, layout_basic
D:2:      layout_loops_ring, minitemple, marbit_many_paths
D:3:      layout_loops_corners, kennysheep_slug_shrine, nicolae_ru_awakened_eye,
          lemuel_tele_altar, uniq_crazy_yiuf_cottage
D:4:      layout_basic, serial_shops, shop_fountains, uniq_eustachio,
          uniq_edmund, uniq_robin, uniq_pikel, uniq_menkaure

Skill      XL: |  1  2 |
---------------+-------+-----
Fighting       | 3 |  3.4
Axes           | 3 |  3.2
Armour         | |  3.6
Shields        | |  3.7

Action                   || total
-------------------------++-------
Melee: War axe           ||    60
 Abil: Heal Wounds       ||     1
Armor: Scale mail        ||     5
       Chain mail        ||    48
Dodge: Dodged            ||    27
Block: Kite shield       ||    49

Table legend: (Time is in decaauts)
 A = Elapsed time spent in this place.
 B = Non-inter-level travel time spent in this place.
 C = Inter-level travel time spent in this place.
 D = Time resting spent in this place.
 E = Time spent auto-exploring this place.
 F = Levels seen in this place.
 G = Mean time per level.
                   A        B        C        D        E       F      G
               +--------+--------+--------+--------+--------+-----+--------+
         Total |    711 |    635 |     76 |      0 |    495 |   4 |  177.8 |
       Dungeon |    711 |    635 |     76 |      0 |    495 |   4 |  177.8 |
               +--------+--------+--------+--------+--------+-----+--------+

Top non-repeatable levels by time:
     D:1: 378 daAuts
     D:2: 169 daAuts
     D:3: 114 daAuts
     D:4: 48 daAuts
